 Dungeon Crawl Stone Soup version 0.27-a0-1154-gfdeffcb (webtiles) character file.

Game seed: 17101849371470452260

60 Meow the Stinger (level 4, 36/36 HPs)
             Began as a Naga Venom Mage on May 14, 2021.
             Quit the game on level 2 of the Dungeon.
             The game lasted 00:03:33 (1483 turns).

Meow the Stinger (Naga Venom Mage)                  Turns: 1483, Time: 00:03:34

Health: 36/36      AC:  4    Str: 11    XL:     4   Next: 6%
Magic:  5/8        EV:  9    Int: 16    God:
Gold:   56         SH:  0    Dex: 11    Spells: 5/9 levels left

rFire    . . .     SeeInvis +   a - +0 mace
rCold    . . .     Faith    .   (no shield)
rNeg     + . .     Spirit   .   g - +2 robe {rN+}
rPois    +         Reflect  .   (no helmet)
rElec    .         Harm     .   (no cloak)
rCorr    .         Rampage  .   (no gloves)
Will     .....                  (no barding)
Stlth    ++........             (no amulet)
HPRegen  0.12/turn              (no ring)
MPRegen  0.11/turn              (no ring)

@: very slow
A: AC +1, large, see invisible, deformed body, poison resistance, slowness 2,
spit poison 1, naga tail 1
a: Spit Poison


You were on level 2 of the Dungeon.
You visited 1 branch of the dungeon, and saw 2 of its levels.

You collected 56 gold pieces.

Inventory:

Hand Weapons
 a - a +0 mace (weapon)
 k - a +0 hunting sling
Missiles
 h - 15 poisoned darts
Armour
 g - a +2 robe of positive energy (worn)
Jewellery
 d - a ring of see invisible
 f - an amulet of guardian spirit
Scrolls
 c - a scroll of blinking {unknown}
 e - a scroll of noise {unknown}
 j - a scroll of identify {unknown}
Potions
 b - a potion of curing {unknown}
 i - a potion of lignification {unknown}


   Skills:
 - Level 1.5 Dodging
 - Level 3.0 Stealth
 + Level 3.1 Spellcasting
 - Level 1.0 Transmutations
 + Level 5.3 Poison Magic


You had 5 spell levels left.
You knew the following spells:

 Your Spells              Type           Power      Damage    Failure   Level
a - Sting                 Tmut/Pois      48%        1d5       4%          1
c - Mephitic Cloud        Conj/Pois/Air  8%         N/A       26%         3

Your spell library contained the following spells:

 Spells                   Type           Power      Damage    Failure   Level
 Poisonous Vapours        Pois/Air       22%        N/A       10%         2
 Olgreb's Toxic Radiance  Pois           19%        N/A       21%         4
 Ignite Poison            Fire/Tmut/Pois 9%         N/A       24%         3


Dungeon Overview and Level Annotations

Branches:
Dungeon (2/15)

Altars:


Innate Abilities, Weirdness & Mutations

Your serpentine skin is tough. (AC +1)
You have supernaturally acute eyesight. (SInv)
Armour fits poorly on your strangely shaped body.
Your system is resistant to poisons. (rPois)
You cover ground very slowly.
You can spit poison.
You have a snake-like lower body.


Message History

Press: ? - help, Shift-Dir - straight line, f/p - bat
Aim: a bat (severely wounded, poisoned, 57% to hit)
The sting hits the bat.
The bat looks even sicker.
You kill the bat!
You have got your breath back.
Found a hunting sling.
You see here a +0 hunting sling.
k - a +0 hunting sling An adder comes into view.
Press: ? - help, Shift-Dir - straight line, f - adder
Aim: an adder (asleep)
The splash of poison hits the adder.
The adder is poisoned.
The adder is moderately wounded.
The adder hisses angrily.
Casting: Sting (safe; 5% risk of failure)
Confirm with . or Enter, or press ? or * to list all spells.
You can't see any susceptible monsters within range! (Use Z to cast anyway.) Unknown command.
Casting: Sting (safe; 5% risk of failure)
Confirm with . or Enter, or press ? or * to list all spells.
Aiming: Sting (safe; 5% risk of failure)
Press: ? - help, Shift-Dir - straight line, f/p - adder
Aim: an adder (heavily wounded, poisoned, 53% to hit)
The sting misses the adder.
Casting: Sting (safe; 5% risk of failure)
Confirm with . or Enter, or press ? or * to list all spells.
Aiming: Sting (safe; 5% risk of failure)
Press: ? - help, Shift-Dir - straight line, f/p - adder
Aim: an adder (severely wounded, poisoned, 53% to hit)
The sting misses the adder.
The adder looks more healthy.
The adder bites you but does no damage.
You barely miss the adder.
The adder is severely wounded.
You have got your breath back.
The adder misses you. The adder bites you but does no damage.
You hit the adder.
You kill the adder!
You have reached level 4!
You feel stronger.
Are you sure you want to abandon this character and quit the game? (Confirm with "yes".)

...###...<....##..
#..# ########.##.#
#..# #.# #..# #.#
#..# #.##.## #..#
#..... ...# #.##.#
##.# #.##.# #.#
#.##@# #.# #.##.#
#.##########.##.#
#..........#.##.#
##########......#
########.####
.........#
##########


There were no monsters in sight!

Vanquished Creatures
  An adder (D:2)
  6 ball pythons
  7 bats
  5 endoplasms
  A giant cockroach (D:2)
  4 goblins
  5 hobgoblins
  4 jackals (D:2)
  3 kobolds (D:1)
  4 quokkas (D:1)
  3 frilled lizards (D:1)
  A rat (D:2)
44 creatures vanquished.

Notes
Turn   | Place    | Note
-------+----------+-------------------------------------------
     0 | D:1      | Meow the Naga Venom Mage began the quest for the Orb.
     0 | D:1      | Reached XP level 1. HP: 15/15 MP: 3/3
    76 | D:1      | Reached XP level 2. HP: 13/22 MP: 0/5
   173 | D:1      | Found a faded altar of an unknown god.
   510 | D:1      | Reached XP level 3. HP: 28/28 MP: 6/6
  1108 | D:2      | Reached skill level 5 in Poison Magic
  1124 | D:2      | Learned a level 3 spell: Mephitic Cloud
  1483 | D:2      | Reached XP level 4. HP: 36/36 MP: 5/8
  1483 | D:2      | Quit the game

Illustrated notes

Levels and vault maps discovered:
D:1:      minmay_arrival_stone_box, layout_basic,
          hellmonk_ecumenical_altar_inner_sanctum
D:2:      layout_loops_ring, minmay_octomino_c4

Skill      XL: |  1  2  3 |
---------------+----------+-----
Poison Magic   | 5 |  5.3
Spellcasting   | 3 |  3.1
Dodging        | |  1.5
Stealth        | |  3.0
Transmutations | |  1.0

Action                   |  1- 3 |  4- 6 || total
-------------------------+-------+-------++-------
Melee: Mace              |    17 |       ||    17
 Cast: Sting             |    29 |       ||    29
 Abil: Spit Poison       |    42 |       ||    42
Armor: Robe              |    12 |       ||    12
Dodge: Dodged            |    15 |       ||    15

Table legend: (Time is in decaauts)
 A = Elapsed time spent in this place.
 B = Non-inter-level travel time spent in this place.
 C = Inter-level travel time spent in this place.
 D = Time resting spent in this place.
 E = Time spent auto-exploring this place.
 F = Levels seen in this place.
 G = Mean time per level.
                   A        B        C        D        E       F      G
               +--------+--------+--------+--------+--------+-----+--------+
         Total |   2003 |   1987 |     16 |     61 |   1624 |   2 | 1001.5 |
       Dungeon |   2003 |   1987 |     16 |     61 |   1624 |   2 | 1001.5 |
               +--------+--------+--------+--------+--------+-----+--------+

Top non-repeatable levels by time:
     D:1: 1484 daAuts
     D:2: 518 daAuts
